 Dungeon Crawl Stone Soup version 0.28-a0-1415-g7c84da036a (webtiles) character file.

Game seed: 12234310725722788868

114 southernslant the Skirmisher (level 4, 0/29 HPs)
             Began as a Gargoyle Gladiator on Jan 8, 2022.
             Slain by a gnoll (13 damage)
             ... on level 3 of the Dungeon.
             The game lasted 00:04:12 (2614 turns).

southernslant the Skirmisher (Gargoyle Gladiator)   Turns: 2614, Time: 00:04:13

Health: 0/29       AC:  7    Str: 18    XL:     4   Next: 98%
Magic:  4/4        EV: 12    Int:  8    God:
Gold:   118        SH:  0    Dex: 13    Spells: 3/3 levels left

rFire   . . .      SeeInvis .   k - +0 spear (venom)
rCold   . . .      Faith    .   (no shield)
rNeg    + . .      Spirit   .   b - +0 leather armour
rPois   ∞          Reflect  .   c - +0 helmet
rElec   +          Harm     .   (no cloak)
rCorr   .          Rampage  .   (no gloves)
Will    .....                   (no boots)
Stlth   +.........              (no amulet)
HPRegen 0.09/turn               (no ring)
MPRegen 0.09/turn               (no ring)

@: no status effects
A: sickness immunity, AC +3, negative energy resistance 1, electricity
resistance, torment resistance 1, petrification resistance
a: no special abilities


You were on level 3 of the Dungeon.
You visited 1 branch of the dungeon, and saw 3 of its levels.

You collected 118 gold pieces.

Inventory:

Hand Weapons
 a - a +0 trident
 k - a +0 spear of venom (weapon)
Missiles
 d - 3 throwing nets
 h - 54 stones (quivered)
Armour
 b - a +0 leather armour (worn)
 c - a +0 helmet (worn)
Scrolls
 f - 2 scrolls of vulnerability {unknown}
 g - 2 scrolls of magic mapping {unknown}
 i - 3 scrolls of identify {unknown}
 m - a scroll of teleportation {unknown}
Potions
 e - a potion of degeneration {unknown}
 j - a potion of cancellation {unknown}
 l - 2 potions of attraction {unknown}


   Skills:
 * Level 3.6 Fighting
 + Level 3.2 Polearms
 + Level 2.4 Throwing
 + Level 1.5 Armour
 + Level 2.8 Dodging


You had 3 spell levels left.
You didn't know any spells.
Your spell library was empty.

Dungeon Overview and Level Annotations

Branches:
Dungeon (3/15)

Altars:

Shops:
D:1 [

Portals:
Abyss: D:3

Annotations:
D:3 2 transporters, bande's ghost, weakling GrFi


Innate Abilities, Weirdness & Mutations

You are immune to sickness and miasma.
Your stone body is resilient. (AC +3)
You are immune to poison.
You resist negative energy. (rN+)
You are resistant to electric shocks. (rElec)
You are resistant to unholy torment.
You are immune to petrification.


Message History

You hit the endoplasm.
The endoplasm is almost dead.
The endoplasm hits you.
You hit the endoplasm but do no damage.
The endoplasm is poisoned.
The endoplasm is almost dead.
The endoplasm freezes you.
You are frozen.
You hit the endoplasm.
You kill the endoplasm!
No target in view!
A gnoll comes into view. It is wielding a +0 halberd.
The gnoll shouts!
The gnoll barely misses you. The gnoll closely misses you.
You hit the gnoll.
The gnoll is poisoned.
The gnoll is moderately wounded.
A gnoll comes into view. It is wielding a +0 whip.
The gnoll barely misses you.
You closely miss the gnoll.
The gnoll is moderately wounded.
The gnoll shouts!
You hear a shout!
The gnoll completely misses you.
A gnoll comes into view. It is wielding a +0 whip.
You closely miss the gnoll.
The gnoll is heavily wounded.
The gnoll shouts!
The gnoll completely misses you.
You hit the gnoll. Your punch misses the gnoll.
The gnoll is heavily wounded.
You closely miss the gnoll. The gnoll misses you.
You hit the gnoll but do no damage. The gnoll misses you.
The gnoll closely misses you.
You puncture the gnoll!
The gnoll is poisoned.
The gnoll is heavily wounded.
The gnoll hits you with a +0 whip. The gnoll closely misses you.
You hit the gnoll.
The gnoll looks as sick as possible!
The gnoll is severely wounded.
The gnoll hits you with a +0 whip.
The gnoll hits you from afar with a +0 halberd!
You die...

#©##..[#©.#
##..##.##..##
####....###....#
..........)....#
...............#
.........#.###.#
#######.##... .#
#.#####.## #@# #
#g# #g# #g# #..
###


You could see 3 gnolls.

Vanquished Creatures
  An orc priest (D:3)
  3 adders
  A dart slug (D:1)
  4 orcs (D:3)
  3 ball pythons (D:1)
  5 endoplasms
  4 giant cockroaches
  6 hobgoblins
  3 jackals (D:2)
  3 kobolds (D:1)
  3 quokkas
  6 bats
  A frilled lizard (D:2)
  5 rats
48 creatures vanquished.

Vanquished Creatures (others)
  8 plants (D:1)
8 creatures vanquished.

Grand Total: 56 creatures vanquished

Notes
Turn   | Place    | Note
-------+----------+-------------------------------------------
     0 | D:1      | southernslant the Gargoyle Gladiator began the quest for
                  | the Orb.
     0 | D:1      | Reached XP level 1. HP: 12/12 MP: 1/1
    23 | D:1      | Found Nomiop Zif's Armour Boutique.
   368 | D:1      | Reached XP level 2. HP: 18/18 MP: 2/2
   377 | D:1      | Found a faded altar of an unknown god.
  1090 | D:1      | Reached XP level 3. HP: 22/22 MP: 3/3
  1607 | D:2      | Reached skill level 1 in Armour
  1676 | D:2      | Reached XP level 4. HP: 28/28 MP: 4/4
  2188 | D:3      | Noticed a small abomination
  2496 | D:3      | Noticed bande's ghost (weakling GrFi)
  2497 | D:3      | Found a one-way gate to the infinite horrors of the Abyss.
  2502 | D:3      | Found a transporter.
  2576 | D:3      | Found a transporter.
  2614 | D:3      | Slain by a gnoll

Illustrated notes

Levels and vault maps discovered:
D:1:      amcnicky_arrival_flooded_fountain, layout_rooms, serial_shops, shop,
          shapermc_ecumenical_altar_mp_highgroup, chequers_big_river
D:2:      layout_loops_ring, serial_glass, glass_columns_b, glass_columns_b,
          chequers_serial_rivers_micro_b
D:3:      layout_basic, lemuel_tele_altar, gammafunk_ghost_abyssal_escape

Skill      XL: |  1  2  3 |
---------------+----------+-----
Throwing       | 2 |  2.4
Fighting       | 3 |  3.6
Polearms       | 3 |  3.2
Armour         | 1 |  1.5
Dodging        | |  2.8

Action                   |  1- 3 |  4- 6 || total
-------------------------+-------+-------++-------
Melee: Trident           |   110 |       ||   110
       Punch             |     1 |     1 ||     2
       Spear             |    20 |    54 ||    74
 Stab: Sleeping          |     1 |       ||     1
Armor: Leather armour    |    49 |    10 ||    59
Dodge: Dodged            |    88 |    21 ||   109

Table legend: (Time is in decaauts)
 A = Elapsed time spent in this place.
 B = Non-inter-level travel time spent in this place.
 C = Inter-level travel time spent in this place.
 D = Time resting spent in this place.
 E = Time spent auto-exploring this place.
 F = Levels seen in this place.
 G = Mean time per level.
                   A        B        C        D        E       F      G
               +--------+--------+--------+--------+--------+-----+--------+
         Total |   2640 |   2599 |     41 |      0 |   2099 |   3 |  880.0 |
       Dungeon |   2640 |   2599 |     41 |      0 |   2099 |   3 |  880.0 |
               +--------+--------+--------+--------+--------+-----+--------+

Top non-repeatable levels by time:
     D:1: 1489 daAuts
     D:2: 656 daAuts
     D:3: 494 daAuts
